 Dungeon Crawl Stone Soup version 0.23.2-1-ga50397a (webtiles) character file.

Game seed: 8713712112011968729

469 IBeShadow the Chiller (level 6, -4/51 HPs)
             Began as a Draconian Ice Elementalist on Apr 24, 2019.
             Slain by an ogre
             ... wielding a +0 giant club
              (14 damage)
             ... on level 4 of the Dungeon.
             The game lasted 00:12:02 (4083 turns).

IBeShadow the Chiller (Draconian Ice Elementalist)  Turns: 4083, Time: 00:12:03

Health: -4/51      AC:  6    Str: 10    XL:     6   Next: 82%
Magic:  7/11       EV: 12    Int: 18    God:
Gold:   59         SH:  0    Dex: 11    Spells: 11/12 levels left

rFire    . . .     SeeInvis .   j - +2 dagger (flame)
rCold    . . .     Gourm    .   (no shield)
rNeg     + . .     Faith    .   (armour unavailable)
rPois    .         Spirit   .   (helmet restricted)
rElec    .         Reflect  .   (no cloak)
rCorr    .         Harm     .   (no gloves)
MR       .....                  (no boots)
Stlth    ++........             f - amulet of the acrobat
HPRegen  0.17/turn              k - ring of positive energy
MPRegen  0.12/turn              (no ring)

@: no status effects
A: unfitting armour, cold-blooded, AC +6
a: no special abilities


You were on level 4 of the Dungeon.
You were not hungry.

You visited 2 branches of the dungeon, and saw 5 of its levels.

You collected 59 gold pieces.

Inventory:

Hand Weapons
 h - a +0 flail
 j - a +2 dagger of flaming (weapon)
Jewellery
 f - an amulet of the acrobat (around neck)
 k - a ring of positive energy (left hand)
Scrolls
 c - a scroll of noise
 d - a scroll of identify
 e - a scroll of teleportation
 l - a scroll of random uselessness {unknown}
Comestibles
 a - a chunk of flesh
 b - 3 rations


   Skills:
 + Level 3.4 Fighting
 - Level 1.7 Dodging
 - Level 1.7 Stealth
 - Level 0.2 Unarmed Combat
 + Level 3.7 Spellcasting
   Level 1.0 Conjurations
 * Level 5.9 Ice Magic


You had 11 spell levels left.
You knew the following spells:

 Your Spells              Type           Power        Failure   Level  Hunger
a - Freeze                Ice            ###.         1%          1    None

Your spell library contained the following spells:

 Spells                   Type           Power        Failure   Level  Hunger
 Throw Frost              Conj/Ice       ###...       5%          2    ##.....
 Ozocubu's Armour         Chrm/Ice       ##......     14%         3    ###....
 Throw Icicle             Conj/Ice       ###.....     36%         4    ####...
 Summon Ice Beast         Ice/Summ       ##......     41%         4    ####...


Dungeon Overview and Level Annotations

Branches:
Dungeon (5/15)             Temple (1/1) D:4

Altars:
Ashenzari
Gozag
Hepliaklqana
Kikubaaqudgha
Makhleb
Sif Muna
Trog
Uskayaw
Yredelemnul
Zin

Annotations:
D:2 Sigmund


Innate Abilities, Weirdness & Mutations

Your plain brown scales are hard. (AC +6)
You cannot fit into any form of body armour.
You are cold-blooded and may be slowed by cold attacks.


Message History

The hound bites you.
Casting: Freeze (safe; 1% risk of failure)
Confirm with . or Enter, or press ? or * to list all spells.
Aiming: Freeze (safe; 1% risk of failure)
Press: ? - help, Shift-Dir - straight line, f/p - ogre
Aim: an ogre, wielding a +0 giant club (moderately wounded)
You freeze the ogre!
The ogre is severely wounded.
The hound misses you. The ogre barely misses you.
The hound completely misses you. The ogre hits you with a +0 giant club!
* * * LOW HITPOINT WARNING * * *
Casting: Freeze (safe; 1% risk of failure)
Confirm with . or Enter, or press ? or * to list all spells.
Aiming: Freeze (safe; 1% risk of failure)
Press: ? - help, Shift-Dir - straight line, f/p - ogre
Aim: an ogre, wielding a +0 giant club (severely wounded)
You freeze the ogre!
The ogre is almost dead.
The hound bites you but does no damage. The ogre hits you with a +0 giant club!
You die...

..... #..........####### #...
##..# #.#####.#### ####.##
.#..####.#.......## #......
.........######...# #.##.##
##..#.#..# #...# #....##
hM.......# #...# #.#####
##S#....## #...# #.#####
#.M.....# #...#########......
#.#)##..######.@.#.......#.#####
#..§...........hO......#.......#
#........................##.##..
#....##....[...##.##.##.##.....#
#....##.######.#.........##.##.#
#...... #..............##.#
####M### ###.#..⌠...⌠..#..##.#
.# #...#.........#....># <#
#.#......>.......####


You could see an ogre and a hound.

Vanquished Creatures
  Menkaure (D:4)
  An ogre (D:4)
  Natasha (thrice) (D:2)
  2 worker ants (D:4)
  5 gnolls
  5 adders
  2 oozes
  A worm (D:4)
  2 dart slugs (D:1)
  4 orcs (D:4)
  5 bats
  4 giant cockroaches
  2 goblins (D:2)
  4 hobgoblins (D:2)
  2 kobolds (D:2)
  2 quokkas
  2 ball pythons
  4 frilled lizards
  4 rats
55 creatures vanquished.

Notes
Turn   | Place    | Note
-------+----------+-------------------------------------------
     0 | D:1      | IBeShadow the Draconian Ice Elementalist began the quest
                  | for the Orb.
     0 | D:1      | Reached XP level 1. HP: 14/14 MP: 3/3
   134 | D:1      | Reached XP level 2. HP: 11/20 MP: 5/5
   212 | D:1      | Reached skill level 1 in Fighting
   212 | D:1      | Reached XP level 3. HP: 7/28 MP: 2/6
  1083 | D:2      | Reached skill level 4 in Ice Magic
  1116 | D:2      | Noticed Sigmund
  1236 | D:2      | Reached XP level 4. HP: 24/35 MP: 3/7
  1392 | D:2      | Noticed Natasha
  1445 | D:2      | Killed Natasha
  1445 | D:2      | Reached XP level 5. HP: 17/41 MP: 3/9
  1774 | D:2      | Noticed Natasha
  1787 | D:2      | Killed Natasha
  2040 | D:2      | Noticed Natasha
  2434 | D:2      | Killed Natasha
  2579 | D:2      | You fall through a shaft for 2 floors!
  2608 | D:4      | Noticed Menkaure
  2643 | D:5      | Entered Level 5 of the Dungeon
  2899 | D:4      | Found a staircase to the Ecumenical Temple.
  2908 | Temple   | Entered the Ecumenical Temple
  3272 | D:4      | Reached skill level 5 in Ice Magic
  3590 | D:4      | Killed Menkaure
  3590 | D:4      | Reached XP level 6. HP: 32/51 MP: 0/11
  4083 | D:4      | Slain by an ogre

Skill      XL: |  1  2  3  4  5 |
---------------+----------------+-----
Fighting       | 1 2 3 |  3.4
Ice Magic      | 4 5 |  5.9
Spellcasting   | 3 |  3.7
Dodging        | |  1.7
Stealth        | |  1.7
Unarmed Combat | |  0.2
Conjurations   | |  1.0

Action                   |  1- 3 |  4- 6 || total
-------------------------+-------+-------++-------
Melee: Unarmed           |    43 |       ||    43
       Tailslap          |    10 |     8 ||    18
       Flail             |    22 |       ||    22
       Dagger            |     9 |   124 ||   133
 Cast: Freeze            |    11 |    47 ||    58
  Use: Potion            |       |     1 ||     1
       Scroll            |       |     7 ||     7
 Stab: Sleeping          |     3 |       ||     3
  Eat: Chunk             |     1 |     9 ||    10
Armor: Skin              |    38 |    35 ||    73
Dodge: Dodged            |    76 |   120 ||   196
